 Dungeon Crawl Stone Soup version 0.20-a0-870-g4070442 (webtiles) character file.

116 4thArraOfDagon the Chopper (level 4, -2/40 HPs)
             Began as a Minotaur Chaos Knight on Mar 13, 2017.
             Slain by a mummy (5 damage)
             ... in an ossuary.
             The game lasted 00:02:41 (541 turns).

4thArraOfDagon the Chopper (Minotaur Chaos Knight)   Turns: 541, Time: 00:02:42

Health: -2/40      AC:  9    Str: 17    XL:     4   Next: 69%
Magic:  3/3        EV: 12    Int: 10    God:    Xom [...*..]
Gold:   97         SH:  0    Dex:  9    Spells: 3/3 levels left

rFire    . . .     SeeInvis .   a - +0 hand axe (chaos)
rCold    . . .     Gourm    .   b - +2 leather armour
rNeg     . . .     Faith    .   (no shield)
rPois    .         Spirit   .   (helmet restricted)
rElec    .         Reflect  .   (no cloak)
rCorr    .         Harm     .   (no gloves)
MR       .....                  (no boots)
Stlth    +.........             (no amulet)
Regen    0.2/turn               (no ring)
MPRegen  0.1/turn               n - +4 ring of protection

@: no status effects
A: retaliatory headbutt, horns 2
a: Renounce Religion


You were in an ossuary.
You worshipped Xom.
You were a favourite toy of Xom.
You were not hungry.

You visited 1 branch of the dungeon, and saw 4 of its levels.
You also visited: Ossuary.

You collected 97 gold pieces.

Inventory:

Hand Weapons
 a - a +0 hand axe of chaos (weapon)
Missiles
 o - 3 javelins (quivered)
Armour
 b - a +2 leather armour (worn)
Jewellery
 n - a +4 ring of protection (left hand)
Scrolls
 d - a scroll of remove curse {unknown}
 e - a scroll of identify {unknown}
 f - a scroll of amnesia {unknown}
 h - a scroll of teleportation {unknown}
 i - a scroll of random uselessness {unknown}
 k - a scroll of enchant armour {unknown}
 l - a scroll of fear {unknown}
 p - a scroll of recharging {unknown}
Potions
 j - a potion of curing
 m - a potion of brilliance {unknown}
 q - a potion of invisibility {unknown}
Comestibles
 c - a bread ration
 g - 2 meat rations


   Skills:
 + Level 4.2 Fighting
 * Level 5.1 Axes
 + Level 3.7 Armour
 + Level 2.0 Dodging


You had 3 spell levels left.
You didn't know any spells.

Dungeon Overview and Level Annotations

Branches:
Dungeon (4/15)
 Temple: D:4-7

Altars:

Annotations:
D:2 Robin


Innate Abilities, Weirdness & Mutations

You reflexively headbutt those who attack you in melee.
You have a pair of horns on your head.


Message History

You hit the mummy. You burn the mummy.
The mummy is moderately damaged.
You are too injured to fight recklessly!
You are too injured to fight recklessly!
You hit the mummy. Your headbutt misses the mummy.
The mummy is moderately damaged.
The mummy hits you.
Unknown command.
You barely miss the mummy.
The mummy is moderately damaged.
The mummy hits you!
* * * LOW HITPOINT WARNING * * *
Unknown command.
You hit the mummy but do no damage. You headbutt the mummy.
The mummy is heavily damaged.
Unknown command.
You hit the mummy.
The mummy seems to speed up.
The mummy is severely damaged.
The mummy hits you.
You die...

#..###+##
##.##
#..#
##.##
#..# ##.#
#'# #+##
#^##...#
#..@M!.+
####...#
#+##


You could see a mummy.

Vanquished Creatures
  Jessica (D:3)
  A mummy (Ossuary)
  3 adders
  4 worms
  2 dart slugs (D:2)
  3 leopard geckos
  A giant cockroach (D:4)
  7 goblins
  3 hobgoblins
  2 frilled lizards
  A gnoll skeleton (Ossuary)
  A goblin skeleton (Ossuary)
  6 kobolds
35 creatures vanquished.

Notes
Turn   | Place    | Note
-------+----------+-------------------------------------------
     0 | D:1      | 4thArraOfDagon the Minotaur Chaos Knight began the quest for the Orb.
     0 | D:1      | Reached XP level 1. HP: 19/19 MP: 0/0
    27 | D:1      | XOM: divination: detect creatures
    59 | D:2      | Reached XP level 2. HP: 10/27 MP: 1/1
    81 | D:2      | Reached skill level 4 in Axes
    98 | D:2      | XOM: divination: detect creatures
   190 | D:3      | Noticed Jessica
   200 | D:3      | Killed Jessica
   200 | D:3      | Reached XP level 3. HP: 17/33 MP: 2/2
   213 | D:3      | Reached XP level 4. HP: 28/40 MP: 3/3
   230 | D:2      | Noticed Robin
   242 | D:3      | Reached skill level 5 in Axes
   276 | D:2      | XOM: divination: detect creatures
   280 | D:2      | XOM: divination: detect creatures
   404 | D:3      | XOM: divination: detect items
   502 | D:4      | Found a sand-covered staircase.
   506 | Ossuary  | XOM: noise
   506 | Ossuary  | Entered an ossuary
   539 | Ossuary  | HP: 2/40 [mummy (14)]
   541 | Ossuary  | Slain by a mummy

Vault maps used:
D:1:      dpeg_arrival_three_bigger_balls
D:2:      amethyst_overflow_temple_binary, uniq_crazy_yiuf_cottage, uniq_robin
D:3:      grunt_qazlal_clouds, uniq_iyjb, uniq_jessica
D:4:      lightli_temple_of_fire, makhleb_heckhound_becter,
          kennysheep_mini_moat, serial_shops, shop, shop_fountains,
          nicolae_shop_overgrown_old_shop, enter_ossuary_5,
          kennysheep_small_square, uniq_pikel
Ossuary:  ossuary_due_small_catacomb

Skill      XL: |  1  2  3  4 |
---------------+-------------+-----
Axes           | 4 5 |  5.1
Armour         | 3 |  3.7
Fighting       | 4 |  4.2
Dodging        | 2 |  2.0

Action                   |  1- 3 |  4- 6 || total
-------------------------+-------+-------++-------
Melee: Hand axe          |    37 |    62 ||    99
       Headbutt          |     3 |     7 ||    10
  Use: Potion            |     1 |       ||     1
Armor: Leather armour    |     4 |    16 ||    20
Dodge: Dodged            |    25 |    22 ||    47
